Description

Serral opens standard with a 3:30 lair and roach warren to defend against archon drops etc. Does dropperlord harass around 5mins, gets a spire and harasses with muta while building a Roach Ravager Baneling army. Serrals objective here is to starve the Protoss of income by killing probes and denying the 4th base while keeping the Protoss on the defensive so he can max out and get to Hive and greater spire unhindered.

Build Order

Get SALT Encoding   

  16  0:50  Hatchery  
  18  1:09  Extractor  
  17  1:13  Spawning Pool  
  19  2:00  Queen x2  
  26  2:10  Metabolic Boost  
  31  2:42  Hatchery  3rd
  30  2:48  Queen  
  42  3:30  Lair  
  43  3:37  Roach Warren  
  44  3:42  Extractor x2  
  55  4:13  Extractor  
  54  4:20  Roach  Make 10 roaches for safety
  68  4:34  Overseer x2  1 for safety, 1 for scout
  68  4:37  Queen  
  68  4:40  Ventral Sacs  1 Ovie for ling drop into main
  78  5:10  Spire  Make 8ish Mutas for harass
  78  5:15  Queen  
  84  5:30  Extractor x2  
  96  6:05  Evolution Chamber x2  
  96  6:10  Glial Reconstitution  
  97  6:25  Mutalisk x7  Harass probes and avoid the army
  111  6:33  Baneling Nest  
  111  6:34  Zerg Melee Weapons Level 1  
  111  6:35  Zerg Missile Weapons Level 1  
  111  6:45  Hatchery  
Spawning Tool Build Advisor. Get it on Overwolf

Go to:

Details

  • Created by: ANTI   
  • Published on: Sep 12, 2019
  • Modified on: May 29, 2020
  • Patch: 4.7.1
  • Difficulty: Medium
Show
View Real Time Build Order
Export as new Build Order

Comments (2)

On Dec. 16, 2019, 2:47 p.m., ANTI  said:

Hi, you're very welcome and thanks for bringing this to my attention. I have deleted 1 of the extractors and corrected a timing issue I spotted for the 3rd hatchery aswell.

On Dec. 4, 2019, 7:14 p.m., Trizztein2  said:

Hey thanks for the build. I see 7 extractors being built by the 6th minute on the list, doesn't make much sense to me unless he saves a drone by building an extractor at some point?

Also I can't seem to find a replay linked with this? Would be cool thanks!

Create an account to comment!